cohdb
Replays
Latest Replays
All Replays
Popular Replays
Top Player Replays
Match Explorer
How It Works
Community
CoH3 Stats
Reddit
Sign in to upload your games and track your stats! →
Sign in with Steam
Match 45138677
Unlisted
Match 45138677
Overview
Messages
Build Orders
End
Construct Infanterie Kompanie
Selects Luftwaffe Battlegroup
Selects Luftwaffe Pioneer Support
Fallschirmpioneer Squad Paradrop
MG 42 Machine Gun Team
GrW 34 Mortar Team
Construct Luftwaffe Kompanie
Jäger Squad
Selects Flak 38 Anti-Air Emplacement
Jäger Squad
Support Elements
Medical Station
Selects Stuka Strafing Run
Wirbelwind Flakpanzer
Stuka Strafing Run
Selects Flak 36 Anti-tank Gun Emplacement
Construct Panzergrenadier Kompanie
Stuka Strafing Run
Construct Panzer Kompanie
Stuka Strafing Run
Michek
dennisbrudny95
Schmidt
MiguSenpai
Mowgli01
William Archer
[BBC] octo
[✚MEDIC✚] MyToine
0
0
Comments
sign in to comment!
No comments posted yet!